Map: Dusk Towers

Players

Fraska - Winner!

  • Race: Terran Terran
  • League: Platinum

Fiend

  • Race: Terran Terran
  • League: Platinum

VOD

Have the link to the VOD?

Description

Time

  • Played on: March 27, 2016, 4:14 p.m.
  • Length: 15:07
Show
View Real Time Build Order
Export as new Build Order

Fraska Terran - Winner!

Build Orders: MMM Bio 

Get SALT Encoding   

  12  0:03  SCV  
  13  0:15  SCV  
  13  0:19  Supply Depot  
  14  0:27  SCV  
  15  0:41  SCV  
  16  0:43  Barracks  
  16  0:53  SCV, Refinery  
  17  1:05  SCV  
  18  1:17  SCV  
  19  1:29  Orbital Command  
  19  1:30  Marine  
  19  1:32  Supply Depot  
  20  1:48  Marine  
  21  2:06  Marine  
  21  2:07  Command Center  
  22  2:11  SCV  
  23  2:17  Factory  
  23  2:24  SCV  
  23  2:27  Marine  
  25  2:36  SCV  
  26  2:48  SCV  
  26  2:50  Refinery  
  27  2:51  Barracks  
  27  2:52  Barracks  
  27  2:58  Barracks Tech Lab  
  27  3:00  SCV  
  28  3:08  Factory Reactor, Starport  
  28  3:12  SCV  
  29  3:24  SCV  
  29  3:26  Orbital Command  
  30  3:30  Stimpack  
  30  3:32  Marine  
  31  3:36  Refinery  
  31  3:39  SCV  
  31  3:40  Barracks Reactor  
  32  3:51  SCV  
  32  3:52  Barracks Reactor  
  32  3:54  Factory Tech Lab  
  33  3:57  SCV  
  34  4:03  SCV  
  34  4:05  Marine  
  34  4:09  SCV  
  37  4:10  Refinery  
  37  4:12  Engineering Bay  
  37  4:15  SCV  
  38  4:19  Medivac  
  38  4:21  SCV  
  38  4:23  Marine  
  42  4:24  Medivac  
  42  4:27  SCV  
  42  4:30  Marine  
  46  4:44  Supply Depot  
  46  4:46  Supply Depot  
  46  4:50  Supply Depot  
  46  4:55  Terran Infantry Weapons Level 1  
  46  5:04  Missile Turret  
  46  5:06  Siege Tank, SCV x2, Marine x3  
  54  5:08  Missile Turret, Marine  
  54  5:10  Marine  
  56  5:16  Supply Depot  
  56  5:18  SCV  
  57  5:24  Marine  
  57  5:28  Marine x3  
  61  5:30  Medivac  
  63  5:36  SCV  
  63  5:37  SCV  
  65  5:48  SCV  
  66  5:53  Marine x4  
  66  5:56  Siege Tank  
  73  5:57  Medivac, Marine  
  73  5:59  SCV  
  77  6:05  Supply Depot  
  77  6:08  SCV  
  77  6:10  Supply Depot, Marine  
  77  6:11  Marine  
  80  6:43  Marine x2  
  80  6:44  Marine x3  
  80  6:45  Siege Tank  
  88  6:50  Barracks  
  88  6:51  Terran Infantry Armor Level 1  
  88  6:52  Barracks  
  88  6:57  Barracks  
  88  7:02  Marauder  
  90  7:13  Combat Shields  
  90  7:14  Marine x3  
  90  7:15  Marine  
  93  7:17  Siege Tank  
  93  7:20  Command Center  
  97  7:23  Marine  
  97  7:26  SCV x2  
  100  7:32  Marine x2  
  100  7:36  Missile Turret  
  102  7:39  Supply Depot  
  102  7:48  Supply Depot  
  102  7:51  Supply Depot  
  102  7:53  Barracks Tech Lab  
  102  7:55  Barracks Tech Lab  
  102  7:56  Barracks Reactor  
  102  8:01  SCV x2, Marine x5  
  86  8:13  SCV x2  
  86  8:19  Marine x3  
  84  8:23  Marine  
  84  8:24  Marine x3  
  84  8:25  Medivac x2  
  92  8:29  Armory  
  92  8:31  Engineering Bay  
  92  8:33  Orbital Command  
  92  8:36  Marine x5  
  92  8:38  Missile Turret  
  97  8:41  Marine x2  
  97  8:42  Marine x2  
  101  8:51  SCV x2  
  101  8:54  Marine  
  104  8:55  Medivac  
  104  8:57  Marine  
  104  8:58  Marine x3  
  104  9:02  Medivac  
  112  9:09  Starport  
  112  9:15  Terran Infantry Weapons Level 2  
  112  9:16  Terran Infantry Armor Level 2  
  112  9:18  Marine, Terran Vehicle Weapons Level 1  
  112  9:19  Marine  
  114  9:25  Medivac  
  114  9:28  Marine  
  114  9:29  Marine  
  114  9:30  Marine  
  119  9:32  Medivac  
  121  9:39  Marine x4  
  121  9:40  Marine x2  
  121  9:41  Siege Tank  
  130  9:48  Marine x2  
  130  9:49  Marine  
  133  9:55  Viking  
  133  9:57  Marine x4  
  139  10:01  Command Center  
  139  10:02  Viking  
  141  10:38  Supply Depot  
  141  10:39  Supply Depot  
  141  10:40  Supply Depot  
  141  10:41  Missile Turret  
  141  10:47  Missile Turret, Siege Tank, Marine x9  
  141  10:48  Viking x2, SCV x3  
  157  10:59  Viking  
  157  11:00  SCV  
  160  11:05  Marine x7  
  160  11:06  Marauder x2  
  171  11:14  Planetary Fortress  
  171  11:16  Missile Turret  
  171  11:19  Siege Tank  
  166  11:42  Marine  
  166  11:43  Marine x3  
  166  11:46  Marine  
  156  11:53  Marine x4  
  153  11:54  SCV x2  
  153  11:55  SCV  
  153  11:58  Siege Tank, Medivac  
  153  11:59  Medivac  
  153  12:00  Marine x2  
  153  12:01  Marine x2  
  166  12:04  Marine  
  166  12:06  Terran Infantry Weapons Level 3, SCV  
  166  12:07  SCV, Terran Infantry Armor Level 3  
  166  12:11  Marauder x2, Marine x2  
  172  12:20  Marine x3  
  172  12:21  Marine  
  176  12:26  SCV x3, Marine  
  176  12:28  Marine  
  176  12:29  Marauder  
  183  12:30  Siege Tank  
  183  12:32  Marine x2  
  183  12:35  Viking x3  
  192  12:38  SCV, Marine x3  
  196  12:45  Marine x2  
  196  12:47  Marine  
  196  12:50  Marine  
  196  12:53  Marine  
  196  12:54  Marauder  
  196  12:56  Marine x3  
  183  13:03  Marine  
  175  13:06  Marine  
  175  13:08  Marauder  
  175  13:11  Marauder  
  176  13:14  Marine x2  
  176  13:16  Marauder  
  179  13:20  Marine  
  179  13:23  Marine  
  178  13:29  Marine  
  178  13:31  Marine  
  178  13:32  Marine  
  178  13:33  Marauder  
  177  13:37  Marauder  
  177  13:38  Marine  
  159  13:41  Marine  
  159  13:48  Marauder  
  146  13:49  Marine x2  
  146  13:54  Marine  
  143  13:56  Marine  
  143  13:58  Marine  
  143  13:59  Marine  
  140  14:07  Marine x2  
  140  14:08  Marine  
  129  14:11  Marine  
  129  14:14  Marine  
  129  14:16  Marine  
  126  14:17  Marine  
  113  14:25  Marine x2  
  113  14:27  Marauder  
  113  14:30  Marauder  
  119  14:32  Marine  
  119  14:34  Marauder  
  119  14:36  Marine  
  123  14:43  Marine x2  
Show
View Real Time Build Order
Export as new Build Order

Fiend Terran 

Build Orders: Reaper Expand, Bio Tank 

Get SALT Encoding   

  12  0:00  SCV  
  13  0:13  SCV  
  14  0:17  Supply Depot  
  14  0:25  SCV  
  15  0:29  Refinery  
  15  0:39  SCV  
  16  0:46  Barracks  
  16  0:51  SCV  
  17  1:03  SCV  
  18  1:15  SCV  
  19  1:32  Orbital Command  
  19  1:34  Reaper  
  20  1:47  Command Center  
  20  1:59  Factory  
  20  2:01  SCV  
  21  2:09  Supply Depot  
  21  2:11  Marine  
  22  2:17  Refinery  
  22  2:19  SCV  
  23  2:30  Marine  
  23  2:31  SCV  
  24  2:44  Factory Tech Lab  
  24  2:47  SCV  
  24  2:50  Starport  
  25  2:55  Barracks Reactor  
  25  2:59  SCV  
  25  3:02  Orbital Command  
  26  3:11  SCV  
  27  3:15  Siege Tank  
  30  3:22  Barracks  
  30  3:23  SCV  
  31  3:30  SCV  
  32  3:35  SCV, Refinery  
  32  3:37  Supply Depot  
  33  3:42  SCV, Marine  
  33  3:43  Marine  
  33  3:48  SCV  
  37  3:49  Medivac  
  37  3:54  SCV  
  40  3:59  Engineering Bay  
  40  4:00  SCV  
  40  4:02  Supply Depot  
  41  4:03  Marine  
  41  4:06  Marine  
  41  4:08  SCV  
  44  4:12  SCV  
  44  4:13  Barracks Tech Lab  
  44  4:15  Widow Mine  
  47  4:20  SCV  
  48  4:25  Supply Depot  
  48  4:27  Starport Reactor  
  48  4:28  SCV  
  49  4:32  Missile Turret, SCV  
  49  4:38  Missile Turret  
  50  4:40  SCV  
  50  4:42  Marine x2  
  50  4:44  SCV, Marine  
  55  4:52  Stimpack  
  55  4:55  SCV  
  55  4:56  SCV  
  55  4:58  Siege Tank  
  60  5:01  Terran Infantry Weapons Level 1  
  60  5:04  Engineering Bay  
  61  5:07  SCV  
  61  5:09  Supply Depot  
  61  5:12  Supply Depot  
  61  5:14  Viking  
  61  5:16  SCV  
  61  5:18  Marine  
  61  5:19  Marine  
  61  5:20  Marine  
  67  5:25  Viking  
  67  5:27  SCV  
  70  5:30  SCV  
  70  5:33  Refinery  
  71  5:35  Terran Infantry Armor Level 1  
  71  5:42  Barracks  
  71  5:46  SCV, Armory  
  71  5:47  SCV  
  73  5:51  Supply Depot  
  73  5:59  Medivac  
  73  6:00  Viking  
  73  6:01  Marine x3  
  80  6:07  Siege Tank  
  80  6:08  SCV x2  
  83  6:23  Missile Turret  
  83  6:26  Marine x2  
  83  6:43  Viking, Marine x2  
  83  6:44  Medivac, Marine  
  90  7:01  Sensor Tower  
  90  7:12  SCV x2  
  92  7:24  SCV  
  92  7:26  Command Center  
  92  7:29  Barracks Reactor  
  93  7:38  SCV  
  94  7:55  Supply Depot  
  94  7:56  Supply Depot  
  94  8:03  SCV  
  94  8:04  Marine  
  94  8:05  Marine x2  
  94  8:06  SCV  
  73  8:22  Marine  
  73  8:23  Marine  
  73  8:24  Marine x3  
  73  8:26  Siege Tank  
  81  8:35  Factory  
  81  8:38  Armory  
  81  8:40  Missile Turret, Marine  
  82  8:41  Marine x2  
  82  8:42  Marine  
  82  8:44  Orbital Command  
  82  8:48  Sensor Tower  
  85  8:56  Combat Shields  
  85  8:58  Siege Tank  
  85  9:02  SCV x2  
  90  9:06  Barracks  
  90  9:07  Barracks, Marine x3  
  90  9:09  Barracks, Marine  
  94  9:13  SCV  
  94  9:14  SCV  
  96  9:17  SCV  
  96  9:18  Marine  
  98  9:25  Viking, Medivac  
  98  9:26  SCV, Marine x2  
  98  9:27  Marine x2  
  98  9:30  Factory Tech Lab  
  107  9:36  SCV x2  
  107  9:38  Refinery  
  109  9:39  SCV  
  110  9:46  Command Center  
  110  9:47  Marine x4  
  110  9:48  SCV  
  110  9:51  Supply Depot x2  
  116  9:53  SCV x2  
  116  9:54  Terran Infantry Weapons Level 2  
  116  9:55  Terran Infantry Armor Level 2  
  118  10:00  Barracks Reactor  
  118  10:01  Barracks Reactor  
  118  10:03  Barracks Reactor  
  118  10:05  Barracks Tech Lab, Marine x2  
  118  10:06  Marine x3  
  123  10:07  SCV x3  
  123  10:12  Siege Tank  
  128  10:18  Missile Turret  
  128  10:19  SCV x2  
  130  10:23  Marine x3  
  130  10:24  Marine  
  133  10:28  Siege Tank  
  136  10:44  Siege Tank  
  136  10:46  Marine  
  136  10:47  Marine  
  141  10:56  Supply Depot  
  141  10:58  SCV x3, Marine x8  
  141  10:59  Supply Depot x2  
  141  11:02  Supply Depot  
  152  11:04  Marine x2  
  152  11:10  SCV  
  155  11:16  Marine  
  155  11:17  Marine  
  157  11:21  Marine x2  
  157  11:22  Marine x2  
  157  11:24  Marine x2  
  157  11:25  Siege Tank x2  
  162  11:49  Marine x2  
  162  11:50  Marine x8  
  171  12:02  Medivac  
  171  12:07  Marine x2  
  173  12:09  Marine  
  173  12:10  Viking  
  173  12:11  Siege Tank  
  173  12:17  Marine  
  173  12:18  Command Center  
  173  12:21  Marine x2  
  173  12:25  Command Center  
  173  12:44  Marine x2  
  173  12:45  Siege Tank, Marine x7  
  173  13:10  Marine x3  
  173  13:11  Marine  
  173  13:12  Marine x6  
  173  13:14  Siege Tank  
  173  13:17  SCV  
  173  13:29  Viking x2, SCV, Marine x2  
  173  13:30  Siege Tank, SCV  
  173  13:33  Marine x2  
  173  13:34  Marine x3  
  180  13:45  Marine x3  
  180  13:46  Siege Tank  
  180  13:47  Marine  
  139  13:57  Marine x3  
  139  14:02  Siege Tank  
  92  14:10  Marine x6  
  92  14:11  Marine  
  92  14:14  Marine  
  82  14:18  Siege Tank  
  82  14:23  Marine x2  
  74  14:27  Marine  
  74  14:28  Marine x2  
  77  14:32  Marine x2  
  77  14:34  Siege Tank, Marine  
  77  14:35  Marine x2  
  85  14:44  Command Center  
Tags
 
Add a new tag
Caveats
  • Supply blocks, unpowered buildings, or Contaminate may cause inaccurate times.
  • Supply counts are checked every 10 seconds.